 Dungeon Crawl Stone Soup version 0.17.1-2-g5865329 (webtiles) character file.

35327 xeno23 the Martial Artist (level 14, -2/99 HPs)
             Began as a Human Monk on Jan 16, 2016.
             Was an Elder of Ru.
             Killed from afar by a fire dragon (19 damage)
             ... with a blast of flame
             ... on level 7 of the Lair of Beasts.
             The game lasted 01:44:48 (20616 turns).

xeno23 the Martial Artist (Human Monk)             Turns: 20616, Time: 01:44:48

Health: -2/99      AC: 15    Str: 14    XL:     14   Next: 17%
Magic:  8/15       EV: 16    Int: 25    God:    Ru [****..]
Gold:   696        SH:  0    Dex: 14    Spells: 2 memorised, 12 levels left

rFire  . . .     SeeInvis .       - Unarmed
rCold  + . .     Clarity  .     B - +1 ring mail {rC+}
rNeg   + + +     SustAt   .     (no shield)
rPois  +         Gourm    .     a - +2 helmet of the Queen of Swords {rN++ Int+7}
rElec  +         Spirit   .     F - +1 cloak
rCorr  .         Warding  +     r - +0 pair of gloves
rMut   .         Stasis   .     P - +0 pair of boots
MR     +....                    J - amulet "Niasaeru" {Ward rElec rN+ Int+3}
Stlth  +++.......               W - ring of poison resistance
                                E - ring "Fyn Wot Fau" {+Blink AC+2 Int+3 Dex-3}

@: exhausted, somewhat resistant to hostile enchantments, fairly stealthy
A: frail 1, low mp 1, regeneration 1, screaming 1, hated by all, inability to
train armour, no conjurations magic, no fire magic, no hexes magic
a: Draw Out Power, Power Leap, Renounce Religion, Evoke Blink


You were on level 7 of the Lair of Beasts.
You worshipped Ru.
Ru was greatly pleased with you.
You were not hungry.

You visited 3 branches of the dungeon, and saw 20 of its levels.

You collected 883 gold pieces.
You spent 187 gold pieces at shops.

Inventory:

Hand Weapons
 f - a +0 blowgun
Missiles
 h - 118 poisoned needles
 i - 4 javelins of penetration (quivered)
Armour
 a - the +2 helmet of the Queen of Swords (worn) {rN++ Int+7}
   (You took it off Robin on level 3 of the Dungeon)

   It affects your intelligence (+7).
   It greatly protects you from negative energy.
 r - a +0 pair of gloves (worn)
 B - a +1 ring mail of cold resistance (worn)
 F - a +1 cloak (worn)
 P - a +0 pair of boots (worn)
Jewellery
 j - an uncursed ring of see invisible
 E - the ring "Fyn Wot Fau" (left hand) {+Blink AC+2 Int+3 Dex-3}
   (You found it on level 9 of the Dungeon)

   [ring of protection]

   It affects your AC (+2).
   It affects your intelligence (+3).
   It affects your dexterity (-3).
   It lets you blink.
 J - the amulet "Niasaeru" (around neck) {Ward rElec rN+ Int+3}
   (You found it on level 3 of the Lair of Beasts)

   [amulet of warding]

   It may prevent the melee attacks of summoned creatures.
   It affects your intelligence (+3).
   It insulates you from electricity.
   It protects you from negative energy.
 W - a ring of poison resistance (right hand)
Wands
 o - a wand of teleportation (8)
 z - a wand of fire (8)
 R - a wand of slowing (26)
Scrolls
 c - 5 scrolls of remove curse
 e - 3 scrolls of teleportation
 k - 2 scrolls of amnesia {unknown}
 l - a scroll of acquirement {unknown}
 p - 8 scrolls of identify
 q - 2 scrolls of random uselessness {unknown}
 s - a scroll of noise {unknown}
 u - 3 scrolls of recharging
 v - 2 scrolls of magic mapping {unknown}
 w - 7 scrolls of fear
 C - a scroll of vulnerability
 D - 3 scrolls of fog {unknown}
 G - a scroll of blinking {unknown}
 H - a scroll of immolation
 O - 2 scrolls of enchant weapon {unknown}
 S - a scroll of brand weapon {unknown}
Potions
 d - 2 potions of magic
 g - 2 potions of lignification
 m - a potion of curing
 t - 2 potions of brilliance
 x - 3 potions of flight
 L - 3 potions of cancellation {unknown}
Books
 n - an Akashic Record

   Spells                             Type                      Level
   a - Dispersal                      Translocation                6
   b - Malign Gateway                 Summoning/Translocation      7
   c - Disjunction                    Translocation                8
   d - Controlled Blink               Translocation                8
 y - a book of Changes

   Spells                             Type                      Level
   a - Beastly Appendage              Transmutation                1
   b - Sticks to Snakes               Transmutation                2
   c - Spider Form                    Transmutation/Poison         3
   d - Ice Form                       Ice/Transmutation            4
   e - Blade Hands                    Transmutation                5
 K - a book of Burglary

   Spells                             Type                      Level
   a - Swiftness                      Charms/Air                   2
   b - Passwall                       Transmutation/Earth          3
   c - Passage of Golubria            Translocation                4
   d - Lee's Rapid Deconstruction     Earth                        5
   e - Darkness                       Hexes                        6
   f - Invisibility                   Hexes                        6
Comestibles
 b - 11 bread rations
 A - 3 beef jerkies
 I - 16 royal jellies
 M - 8 chunks of flesh
 N - a slice of pizza
 Q - 2 meat rations
 U - 4 fruits


   Skills:
 + Level 10.2 Fighting
 + Level 10.4 Dodging
 - Level 7.5 Stealth
 * Level 14.1 Unarmed Combat
 - Level 2.5 Spellcasting
 * Level 10.5 Transmutations


You had 12 spell levels left.
You knew the following spells:

 Your Spells              Type           Power        Failure   Level  Hunger
a - Beastly Appendage     Trmt           ######       1%          1    None
s - Blade Hands           Trmt           ######....   10%         5    ######.


Dungeon Overview and Level Annotations

Branches:
Dungeon (12/15)            Temple (1/1) D:5            Lair (7/8) D:10
  Swamp (0/4) Lair:6        Snake (0/4) Lair:5        Slime (0/6) Lair:6
    Orc: D:9-12

Altars:
Ashenzari
Cheibriados
Dithmenos
Elyvilon
Fedhas
Gozag
Kikubaaqudgha
Makhleb
Nemelex Xobeh
Okawaru
Qazlal
Ru
Sif Muna
Trog
Vehumet
Xom
Yredelemnul
Zin
The Shining One
Jiyva

Shops:
D:8 [

Annotations:
D:8 Erolcha, Grum
Lair:4 exclusion: 4 oklob plants
Lair:6 exclusion: hydra


Innate Abilities, Weirdness & Mutations

You occasionally shout uncontrollably at your foes.
You are hated by all.
You cannot train Armour skill.
You cannot study or cast Conjurations magic.
You cannot study or cast Fire magic.
You cannot study or cast Hexes magic.
You are frail (-10% HP).
Your magical capacity is low (-10% MP).
Your natural rate of healing is unusually fast.


Message History

Evoke which item? (* to show all) (? for menu, Esc to quit)
Zapping:
o - a wand of teleportation (9)
Press: ? - help, Shift-Dir - straight line, f - you You feel strangely unstable.
This wand has 8 charges left.
Drink which item? (? for menu, Esc to quit)
Okay, then.
Evoke which item? (* to show all) (? for menu, Esc to quit)
Okay, then.
Read which item? (? for menu, Esc to quit)
Okay, then.
Drink which item? (? for menu, Esc to quit)
Okay, then.
Okay, then.
Read which item? (? for menu, Esc to quit)
As you read the scroll labeled VEUSCH QEIDO, it crumbles to dust.
You feel strangely stable.
It was a scroll of teleportation.
You see here a wand of enslavement.
The fire dragon breathes flames at you. The blast of flame hits you!
You die...

.. ##.P ## #...#.####.#### ...
. #....##.....#.# ...>.# ..
##.............##.....# ..#
P................P...## ...#
####...........#..#......
....###.##......@.≈.........§..
#..#...........P/..D≈...8§≈...
#............##........§.§.≈#
###...P........####≈≈..≈..≈≈.#
.....##..###..#.# ##..#..≈≈≈##
#....##### #....# ####.#.###
P.....### #.#..## #.≈##
........# ##.#..# ##..#
........# #..#.# ###D.#


You could see a fire dragon.

Vanquished Creatures
  Gastronok (Lair:2)
  2 hydras
  A catoblepas (Lair:3)
  7 death yaks
  A hill giant (D:10)
  A griffon (Lair:3)
  9 elephants
  Joseph (D:10)
  7 spiny frogs
  5 black mambas
  A centaur skeleton (D:10)
  4 komodo dragons
  11 fire drakes
  A queen bee (Lair:2)
  Grinder (D:3)
  3 polar bears
  11 blink frogs
  4 wyverns
  5 yaks (Lair:3)
  15 wolves
  Eustachio (D:6)
  2 hungry ghosts (D:9)
  3 hippogriffs
  A basilisk (Lair:5)
  Menkaure (D:6)
  12 water moccasins
  Duvessa (D:4)
  9 porcupines
  4 ice beasts
  2 black bears
  An eye of draining (D:8)
  A sky beast (D:9)
  An ogre (D:10)
  2 orc warriors (D:10)
  2 centaurs
  A phantom (D:6)
  A big kobold (D:9)
  7 crocodiles
  Blork the orc (D:5)
  11 giant frogs
  Dowan (D:4)
  A wyvern skeleton (D:8)
  A water moccasin skeleton (D:10)
  2 scorpions
  29 killer bees
  A crimson imp (D:7)
  A giant frog zombie (D:5)
  A centaur zombie (D:9)
  3 jellies
  3 giant frog skeletons
  2 orc priests
  Ijyb (D:2)
  7 hounds
  7 iguanas
  5 orc wizards
  A quasit (D:10)
  Natasha (thrice) (D:2)
  10 worker ants
  2 hell rats (Lair:5)
  14 sheep
  A killer bee zombie (D:5)
  A hound skeleton (D:4)
  A hound zombie (D:5)
  Robin (D:3)
  61 river rats
  8 adders
  3 gnolls (D:10)
  2 shadow imps
  An ooze (D:2)
  2 adder zombies
  2 adder skeletons
  3 worms
  2 giant geckos
  21 orcs
  2 ball pythons
  8 bats
  3 giant cockroaches
  15 goblins
  13 hobgoblins
  4 jackals
  3 quokkas
  A giant newt (D:3)
  11 kobolds
  8 rats
  2 fungi
429 creatures vanquished.

Vanquished Creatures (others)
  A komodo dragon (Lair:5)
  A river rat (Lair:4)
  A bush (Lair:2)
  6 fungi
  4 plants
13 creatures vanquished.

Grand Total: 442 creatures vanquished

Notes
Turn   | Place    | Note
--------------------------------------------------------------
     0 | D:1      | xeno23 the Human Monk began the quest for the Orb.
     0 | D:1      | Reached XP level 1. HP: 18/18 MP: 1/1
   207 | D:1      | Reached XP level 2. HP: 6/24 MP: 2/2
   826 | D:1      | Found an iron altar of Okawaru.
   856 | D:1      | Reached XP level 3. HP: 8/29 MP: 3/3
  1363 | D:2      | Noticed Natasha
  1535 | D:2      | Killed Natasha
  1535 | D:2      | Reached XP level 4. HP: 31/35 MP: 4/4
  1563 | D:2      | Noticed Natasha
  1577 | D:2      | Killed Natasha
  1810 | D:2      | Noticed Natasha
  1849 | D:2      | Killed Natasha
  1865 | D:2      | Found a blossoming altar of Fedhas.
  1865 | D:2      | Found an ancient bone altar of Kikubaaqudgha.
  1877 | D:2      | Reached skill level 5 in Unarmed Combat
  1983 | D:2      | Noticed Ijyb
  2100 | D:2      | Killed Ijyb
  2100 | D:2      | Reached XP level 5. HP: 11/41 MP: 5/5
  2518 | D:3      | Noticed Robin
  2562 | D:3      | Killed Robin
  2568 | D:3      | Got a spiked helmet
  2575 | D:3      | Identified the +2 helmet of the Queen of Swords {rN++ Int+7} (You took it off Robin on level 3 of the Dungeon)
  2876 | D:3      | Found a radiant altar of Vehumet.
  2923 | D:3      | Noticed Grinder
  2941 | D:4      | Reached XP level 6. HP: 40/47 MP: 6/6
  2967 | D:4      | Found a deep blue altar of Sif Muna.
  2988 | D:4      | Reached skill level 1 in Armour
  3391 | D:4      | Noticed Duvessa
  3392 | D:4      | Noticed Dowan
  3417 | D:4      | Killed Duvessa
  3417 | D:4      | Reached skill level 6 in Unarmed Combat
  3417 | D:4      | Reached XP level 7. HP: 37/54 MP: 7/7
  3522 | D:4      | Killed Dowan
  3656 | D:3      | Killed Grinder
  3656 | D:3      | Reached skill level 5 in Dodging
  3993 | D:5      | Entered Level 5 of the Dungeon
  4016 | D:5      | Reached XP level 8. HP: 59/61 MP: 8/8
  4153 | D:5      | Found a staircase to the Ecumenical Temple.
  4219 | Temple   | Entered the Ecumenical Temple
  4290 | D:5      | Noticed Blork the orc
  4315 | D:5      | Killed Blork the orc
  4315 | D:5      | Reached skill level 7 in Unarmed Combat
  4446 | D:5      | Found a snail-covered altar of Cheibriados.
  5043 | D:6      | Noticed Eustachio
  5067 | D:6      | Killed Eustachio
  5067 | D:6      | Reached skill level 5 in Fighting
  5096 | D:6      | Found a stormy altar of Qazlal.
  5096 | D:6      | Found a shimmering altar of Xom.
  5568 | D:6      | Noticed Menkaure
  5584 | D:6      | Killed Menkaure
  5584 | D:6      | Reached XP level 9. HP: 32/68 MP: 9/9
  5606 | D:6      | Reached skill level 5 in Stealth
  5606 | D:6      | Reached skill level 8 in Unarmed Combat
  7158 | D:8      | Noticed Grum
  7258 | D:8      | Reached skill level 9 in Unarmed Combat
  7420 | D:8      | Found Wyceqar's Antique Armour Shoppe.
  7430 | D:8      | Bought a cloak for 99 gold pieces
  7430 | D:8      | Bought a shiny ring mail for 88 gold pieces
  7691 | D:8      | Found a sacrificial altar of Ru.
  7696 | D:8      | Noticed Erolcha
  7709 | D:8      | Became a worshipper of Ru the Awakened
  7712 | D:8      | Gained mutation: You cannot study or cast Fire magic. [Ru sacrifice]
  7712 | D:8      | Gained mutation: You cannot study or cast Hexes magic. [Ru sacrifice]
  7712 | D:8      | Gained mutation: You cannot study or cast Conjurations magic. [Ru sacrifice]
  7712 | D:8      | Reached * piety under Ru
  7974 | D:8      | Reached XP level 10. HP: 60/77 MP: 10/10
  8010 | D:8      | Found a basalt altar of Yredelemnul.
  8521 | D:9      | Reached skill level 10 in Unarmed Combat
  8915 | D:9      | Got a smoking silver ring
  8916 | D:9      | Identified the ring "Fyn Wot Fau" {+Blink AC+2 Int+3 Dex-3} (You found it on level 9 of the Dungeon)
  9044 | D:9      | You fall through a shaft for 3 floors!
  9107 | D:10     | Entered Level 10 of the Dungeon
  9246 | D:9      | Found a shattered altar of Ashenzari.
  9343 | D:10     | Noticed a hill giant
  9475 | D:10     | Noticed Joseph
  9824 | D:10     | Killed Joseph
 10359 | D:9      | Learned a level 1 spell: Beastly Appendage
 10365 | D:9      | Learned a level 5 spell: Blade Hands
 10506 | D:10     | Reached skill level 1 in Transmutations
 10518 | D:10     | Found a staircase to the Lair.
 10534 | D:10     | Reached skill level 1 in Spellcasting
 10579 | D:10     | Reached XP level 11. HP: 46/84 MP: 12/12
 11176 | D:10     | Killed a hill giant
 11315 | D:10     | Gained mutation: You occasionally shout uncontrollably at your foes. [Ru sacrifice]
 11533 | Lair:1   | Entered Level 1 of the Lair of Beasts
 11825 | Lair:1   | Reached skill level 11 in Unarmed Combat
 12765 | Lair:1   | Gained mutation: Your natural rate of healing is unusually fast. [potion of mutation]
 12765 | Lair:1   | Gained mutation: Your magical capacity is low (-10% MP). [potion of mutation]
 12765 | Lair:1   | Gained mutation: You are frail (-10% HP). [potion of mutation]
 13217 | Lair:2   | Gained mutation: You tend to lose your temper in combat. [potion of mutation]
 13217 | Lair:2   | Lost mutation: You tend to lose your temper in combat. [potion of mutation]
 13406 | Lair:2   | Noticed Gastronok
 13521 | Lair:2   | Noticed a four-headed hydra
 13656 | Lair:2   | Reached skill level 5 in Transmutations
 14305 | Lair:2   | Gained mutation: You cannot train Armour skill. [Ru sacrifice]
 14305 | Lair:2   | Reached ** piety under Ru
 14305 | Lair:2   | Reached *** piety under Ru
 14414 | Lair:2   | Reached XP level 12. HP: 74/83 MP: 12/14
 14925 | Lair:2   | Reached skill level 12 in Unarmed Combat
 15173 | Lair:2   | Killed Gastronok
 15301 | Lair:3   | Noticed a death yak
 15301 | Lair:3   | Noticed a death yak
 15302 | Lair:3   | Noticed a death yak
 15622 | Lair:3   | Noticed a four-headed hydra
 15778 | Lair:3   | Noticed a catoblepas
 16001 | Lair:3   | Killed a four-headed hydra
 16537 | Lair:3   | Killed a catoblepas
 16537 | Lair:3   | Reached XP level 13. HP: 48/90 MP: 8/15
 16696 | Lair:3   | Got a translucent platinum amulet
 16703 | Lair:3   | Identified the amulet "Niasaeru" {Ward rElec rN+ Int+3} (You found it on level 3 of the Lair of Beasts)
 16793 | Lair:3   | Killed a death yak
 16796 | Lair:3   | Killed a death yak
 16796 | Lair:3   | Reached skill level 13 in Unarmed Combat
 16804 | Lair:3   | Killed a death yak
 17082 | Lair:4   | Gained mutation: You are hated by all. [Ru sacrifice]
 17082 | Lair:4   | Reached **** piety under Ru
 18623 | Lair:5   | Reached skill level 10 in Dodging
 18945 | Lair:5   | Found a staircase to the Snake Pit.
 19515 | Lair:5   | Reached skill level 10 in Fighting
 19535 | Lair:5   | Reached skill level 10 in Transmutations
 19562 | Lair:6   | Reached XP level 14. HP: 49/99 MP: 11/15
 19839 | Lair:6   | Found a staircase to the Swamp.
 19966 | Lair:6   | Reached skill level 14 in Unarmed Combat
 20093 | Lair:6   | Found a viscous altar of Jiyva.
 20094 | Lair:6   | Found a staircase to the Slime Pits.
 20616 | Lair:7   | Killed from afar by a fire dragon

Action                   |  1- 3 |  4- 6 |  7- 9 | 10-12 | 13-15 || total
-------------------------+-------+-------+-------+-------+-------++-------
Melee: Unarmed           |    89 |   269 |   422 |  1079 |   399 ||  2258
 Fire: Blowgun           |       |       |       |    28 |       ||    28
Throw: Javelin           |       |    11 |    17 |     8 |     1 ||    37
 Cast: Beastly Appendage |       |       |       |    12 |       ||    12
       Blade Hands       |       |       |       |     3 |    24 ||    27
Invok: Sacrifice Arcana  |       |       |     1 |       |       ||     1
       Draw Out Power    |       |       |       |     3 |       ||     3
       Sacrifice Purity  |       |       |       |     1 |       ||     1
       Sacrifice Durabil |       |       |       |     1 |       ||     1
       Power Leap        |       |       |       |       |     3 ||     3
       Sacrifice Love    |       |       |       |       |     1 ||     1
       Reject Sacrifices |       |       |       |       |     1 ||     1
 Abil: Evoke Blink       |       |       |       |     3 |     1 ||     4
       End Transformatio |       |       |       |       |     1 ||     1
Evoke: Wand              |       |       |       |       |     1 ||     1
  Use: Potion            |       |       |       |     8 |     1 ||     9
       Scroll            |       |       |       |    11 |     1 ||    12
 Stab: Sleeping          |     3 |     2 |    10 |    12 |     4 ||    31
       Invisible         |       |       |       |     4 |    11 ||    15
       Distracted        |       |       |       |     4 |     1 ||     5
       Petrified         |       |       |       |     1 |       ||     1
       Paralysed         |       |       |       |       |     3 ||     3
  Eat: Chunk             |       |     8 |    11 |    18 |    19 ||    56
       Pizza             |       |       |     1 |       |     1 ||     2
       Royal jelly       |       |       |     1 |     3 |     1 ||     5
       Meat ration       |       |       |       |     4 |       ||     4
